 Dungeon Crawl Stone Soup version 0.30-a0-605-gb2882149bf (webtiles) character file.

Game seed: 784127562397850746

745 wormed the Slasher (level 7, -7/58 HPs)
             Began as a Demigod Gladiator on Jan 7, 2023.
             Mangled by an orc warrior
             ... wielding a +0 battleaxe
              (18 damage)
             ... on level 4 of the Dungeon.
             The game lasted 00:06:17 (4612 turns).

wormed the Slasher (Demigod Gladiator)              Turns: 4612, Time: 00:06:18

Health: -7/58      AC: 10    Str: 21    XL:     7   Next: 23%
Magic:  9/9        EV: 12    Int: 15    God:
Gold:   278        SH:  0    Dex: 23    Spells: 6/6 levels left

rFire   + + +      SeeInvis .    a - +0 long sword
rCold   x . .      Faith    .    (no shield)
rNeg    + . .      Spirit   .    k - +0 fire dragon scales
rPois   .          Reflect  .    c - +0 helmet
rElec   .          Harm     .    (no cloak)
rCorr   .          Rampage  .    l - +0 pair of gloves of Hadjma {rF+ rN+ Int+5}
Will    .....                    (no boots) Stlth
                                 u - amulet of the acrobat
HPRegen 0.29/turn                m - +6 ring of strength
MPRegen 0.11/turn                g - ring of protection from fire

@: no status effects
A: high MP 1, forlorn, divine attributes
a: no special abilities


You were on level 4 of the Dungeon.
You visited 1 branch of the dungeon, and saw 5 of its levels.

You collected 278 gold pieces.

Inventory:

Hand Weapons
 a - a +0 long sword (weapon)
Missiles
 d - 3 throwing nets
 e - a javelin
 n - 15 poisoned darts
Armour
 c - a +0 helmet (worn)
 k - +0 fire dragon scales (worn)
 l - the +0 pair of gloves of Hadjma (worn) {rF+ rN+ Int+5}
   (You found it on level 2 of the Dungeon)

   Int:       It affects your intelligence (+5).
   rF:        It protects you from fire.
   rN:        It protects you from negative energy.
Jewellery
 g - a ring of protection from fire (right hand)
 j - a ring of fire
 m - a +6 ring of strength (left hand)
 u - an amulet of the acrobat (around neck)
Wands
 i - a wand of acid (1) (quivered)
Scrolls
 b - a scroll of magic mapping {unknown}
 h - a scroll of identify
 s - a scroll of noise
Potions
 f - 2 potions of lignification
 q - a potion of flight
 r - a potion of heal wounds {unknown}
 t - a potion of brilliance {unknown}
 v - a potion of curing {unknown}
 w - a potion of mutation {unknown}


   Skills:
 + Level 3.7 Fighting
 * Level 5.5 Long Blades
 + Level 3.7 Throwing
 + Level 0.2 Armour
 + Level 4.2 Dodging


You had 6 spell levels left.
You didn't know any spells.
Your spell library contained the following spells:

 Spells                   Type           Power      Damage    Failure   Level
 Vhi's Electric Charge    Tloc/Air       0%         N/A       96%         3
 Arcjolt                  Conj/Air       0%         1d10      100%        5
 Maxwell's Capacitive Co  Air            0%         ∞         100%        8


Dungeon Overview and Level Annotations

Branches:
Dungeon (5/15)
 Temple: D:4-7

Shops:
D:1 :

Annotations:
D:4 2 transporters


Innate Abilities, Weirdness & Mutations

You have an increased reservoir of magic. (+10% MP)
You shall have no god before yourself.
Your divine heritage dramatically boosts your attributes as you level up.


Message History

The orc wizard closely misses you. The orc hits you with a +0 whip.
The orc warrior barely misses you.
You hit the orc wizard.
The orc wizard is almost dead.
The orc wizard gestures at you while chanting.
The puff of flame hits you. You resist. The orc hits you with a +0 whip.
The orc warrior hits you with a +0 battleaxe!
You closely miss the orc wizard.
The orc wizard is almost dead.
The orc wizard hits you with a +0 dagger.
The orc hits you but does no damage. The orc warrior misses you.
You slash the orc wizard!
You kill the orc wizard!
The orc hits you but does no damage. The orc warrior barely misses you.
You closely miss the orc. The orc hits you but does no damage.
The orc warrior hits you with a +0 battleaxe!
You barely miss the orc. The orc closely misses you.
The orc warrior hits you with a +0 battleaxe.
You slash the orc!
You kill the orc!
The orc warrior hits you with a +0 battleaxe!
The orc warrior completely misses you.
Things that are here:
a +0 whip; an orc corpse The orc warrior misses you.
You closely miss the orc warrior. The orc warrior closely misses you.
The orc warrior barely misses you.
You completely miss the orc warrior.
The orc warrior hits you but does no damage.
You hit the orc warrior. You punch the orc warrior.
The orc warrior is moderately wounded.
The orc warrior closely misses you.
You barely miss the orc warrior.
The orc warrior is moderately wounded.
The orc warrior hits you with a +0 battleaxe!
* * * LOW HITPOINT WARNING * * *
You hit the orc warrior.
The orc warrior is moderately wounded.
The orc warrior hits you with a +0 battleaxe!!
You die...

... ### ##.. #..##
##..# #....#######..#
##..#....##..†#######
#...###..............
##...)................
#....)o..............#
#....@..#............#
#.....###...........##
#.....# ##..........#
##...## #....[.÷>.##
##.. #.......).# #..
#........## ###
#........# #.......##
#......##


You could see an orc warrior.

Vanquished Creatures
  An ogre (D:4)
  2 phantoms
  A scorpion (D:4)
  A jelly (D:5)
  Jessica (D:2)
  Natasha (thrice) (D:2)
  2 iguanas
  3 orc wizards
  A gnoll (D:2)
  6 adders
  An ufetubus (D:4)
  2 worms
  4 dart slugs
  5 orcs
  5 ball pythons
  5 bats
  6 endoplasms
  4 giant cockroaches
  7 goblins
  8 hobgoblins
  12 jackals
  9 kobolds
  9 quokkas
  5 frilled lizards
  7 rats
110 creatures vanquished.

Notes
Turn   | Place    | Note
-------+----------+-------------------------------------------
     0 | D:1      | wormed the Demigod Gladiator began the quest for the Orb.
     0 | D:1      | Reached XP level 1. HP: 17/17 MP: 3/3
   135 | D:1      | Reached XP level 2. HP: 20/24 MP: 4/4
   182 | D:1      | Reached skill level 3 in Long Blades
   274 | D:1      | You fall into a shaft and drop 1 floor!
   400 | D:2      | Reached XP level 3. HP: 15/29 MP: 5/5
   478 | D:2      | Identified the +0 pair of gloves of Hadjma {rF+ rN+ Int+5}
   614 | D:1      | Found Ajumoel's Book Boutique.
  1380 | D:2      | Noticed Jessica
  1381 | D:2      | Killed Jessica
  1382 | D:2      | Reached XP level 4. HP: 37/37 MP: 6/6
  1386 | D:2      | Noticed Natasha
  1394 | D:2      | Killed Natasha
  1484 | D:2      | Noticed Natasha
  1494 | D:2      | Killed Natasha
  1693 | D:2      | Noticed Natasha
  1700 | D:2      | Killed Natasha
  1701 | D:2      | Reached skill level 4 in Long Blades
  1701 | D:2      | Reached XP level 5. HP: 26/42 MP: 7/7
  3242 | D:4      | Reached XP level 6. HP: 29/51 MP: 8/8
  3387 | D:4      | Found a transporter.
  3491 | D:4      | Reached skill level 5 in Long Blades
  3846 | D:4      | Found a transporter.
  3885 | D:5      | Entered Level 5 of the Dungeon
  4001 | D:5      | Reached XP level 7. HP: 43/57 MP: 9/9
  4612 | D:4      | Mangled by an orc warrior

Illustrated notes

Levels and vault maps discovered:
D:1:      dpeg_cavernosity, layout_loops_ring, serial_shops, shop,
          hellmonk_ecumenical_altar_pennies_from_heaven
D:2:      minmay_angry_zag, layout_rooms, kennysheep_generic_room_8,
          uniq_natasha, uniq_jessica
D:3:      layout_loops_corners, minitemple
D:4:      gammafunk_cloud_chamber, layout_cave_pods, zin_treasury
D:5:      layout_cave_pools

Skill      XL: |  1  2  3  4  5  6 |
---------------+-------------------+-----
Fighting       | 2 3 |  3.7
Throwing       | 2 3 |  3.7
Long Blades    | 3 4 5 |  5.5
Dodging        | 3 4 |  4.2
Armour         | |  0.2

Action                   |  1- 3 |  4- 6 |  7- 9 || total
-------------------------+-------+-------+-------++-------
Melee: Long sword        |   107 |   222 |    37 ||   366
       Punch             |     1 |     1 |     2 ||     4
Throw: Dart              |       |     2 |       ||     2
Evoke: Wand              |     3 |     2 |       ||     5
  Use: Scroll            |       |     7 |     1 ||     8
 Stab: Sleeping          |     3 |     3 |       ||     6
Armor: Leather armour    |    27 |    66 |     3 ||    96
       Fire dragon scale |       |       |     7 ||     7
Dodge: Dodged            |    63 |   188 |    30 ||   281

Table legend: (Time is in decaauts)
 A = Elapsed time spent in this place.
 B = Non-inter-level travel time spent in this place.
 C = Inter-level travel time spent in this place.
 D = Time resting spent in this place.
 E = Time spent auto-exploring this place.
 F = Levels seen in this place.
 G = Mean time per level.
                   A        B        C        D        E       F      G
               +--------+--------+--------+--------+--------+-----+--------+
         Total |   4685 |   4589 |     96 |    183 |   3551 |   5 |  937.0 |
       Dungeon |   4685 |   4589 |     96 |    183 |   3551 |   5 |  937.0 |
               +--------+--------+--------+--------+--------+-----+--------+

Top non-repeatable levels by time:
     D:4: 1410 daAuts
     D:3: 1172 daAuts
     D:1: 1069 daAuts
     D:2: 729 daAuts
     D:5: 304 daAuts
